 Dungeon Crawl Stone Soup version 0.22.1-6-g1668fe2c40 (webtiles) character file.

190 Kohma the Shield-Bearer (level 5, -3/33 HPs)
             Began as a Gargoyle Fighter on Jan 25, 2019.
             Slain by a hippogriff (7 damage)
             ... on level 3 of the Dungeon.
             The game lasted 00:05:31 (2136 turns).

Kohma the Shield-Bearer (Gargoyle Fighter)          Turns: 2136, Time: 00:05:32

Health: -3/33      AC: 12    Str: 24    XL:     5   Next: 69%
Magic:  5/5        EV:  8    Int:  9    God:
Gold:   125        SH: 10    Dex: 10    Spells: 4/4 levels left

rFire    . . .     SeeInvis .   n - +0 whip (flame)
rCold    . . .     Gourm    .   c - +0 shield
rNeg     + . .     Faith    .   b - +0 scale mail
rPois    ∞         Spirit   .   (no helmet)
rElec    +         Reflect  .   (no cloak)
rCorr    .         Harm     .   (no gloves)
MR       .....                  g - +0 pair of boots (curse)
Stlth    ..........             (no amulet)
HPRegen  0.11/turn              (no ring)
MPRegen  0.09/turn              (no ring)

@: mighty
A: negative energy resistance 1, electricity resistance, unbreathing,
petrification resistance, rot immunity, AC +4
a: no special abilities


You were on level 3 of the Dungeon.
You were not hungry.

You visited 1 branch of the dungeon, and saw 3 of its levels.

You collected 125 gold pieces.

Inventory:

Hand Weapons
 n - a +0 whip of flaming (weapon)
Missiles
 h - 199 stones
 u - 5 steel tomahawks (quivered)
Armour
 b - a +0 scale mail (worn)
 c - a +0 shield (worn)
 g - a cursed +0 pair of boots (worn)
 k - a +0 pair of boots
Jewellery
 s - an uncursed ring of magical power {unknown}
Scrolls
 e - a scroll of random uselessness {unknown}
 i - a scroll of fog {unknown}
 j - 6 scrolls of identify {unknown}
 l - a scroll of teleportation {unknown}
 o - 2 scrolls of remove curse {unknown}
 q - a scroll of magic mapping {unknown}
 w - 2 scrolls of enchant weapon {unknown}
Potions
 a - a potion of brilliance {unknown}
 m - 2 potions of agility {unknown}
 r - a potion of curing {unknown}
 t - a potion of mutation {unknown}
 v - a potion of heal wounds {unknown}
 x - 3 potions of resistance {unknown}
Comestibles
 f - 3 rations


   Skills:
 + Level 3.8 Fighting
 * Level 4.1 Maces & Flails
 - Level 3.2 Armour
 + Level 0.7 Dodging
 + Level 1.0 Stealth
 * Level 4.6 Shields


You had 4 spell levels left.
You didn't know any spells.
Your spell library was empty.

Dungeon Overview and Level Annotations

Branches:
Dungeon (3/15)

Altars:


Innate Abilities, Weirdness & Mutations

You are resistant to torment.
Your stone body is resilient. (AC +4)
You are immune to poison.
You resist negative energy. (rN+)
You are resistant to electric shocks. (rElec)
You can survive without breathing.
You are immune to petrification.
You are immune to rotting.


Message History

You closely miss the ball python. You block the ball python's attack.
The ball python constricts you. You block the hippogriff's attack.
The hippogriff completely misses you. You block the hippogriff's attack.
You closely miss the ball python.
The ball python bites you but does no damage.
The ball python constricts you. The hippogriff bites you.
* * * LOW HITPOINT WARNING * * *
The hippogriff pecks you but does no damage.
You block the hippogriff's attack.
You feel very mighty all of a sudden. You block the ball python's attack.
* * * LOW HITPOINT WARNING * * *
The ball python constricts you. The hippogriff barely misses you. x2
The hippogriff claws you but does no damage.
The ball python bites you but does no damage.
The ball python constricts you.
You whack the ball python! You burn the ball python.
You kill the ball python!
The hippogriff bites you!
You die...

......#
#..............#
......#
#..............# ###
......#
#..............# #<#
#'#####
###########....# #.#
.....# ###### #.#
.....# #.# .....# #.#
#.#### ########### #.#
#.# #.#.#...#@# #.# #.#
##.#..#.†#H##########.#
#.#
#.#..###..#s#.........#
#.# ##..##
##..##.######### ..##
###..## #..#.# ...#
#...## ..#.# ...#
#.#..# ..#.#
...###.##..# ##.#
#>.....# #..# #.####


You could see a hippogriff and a giant cockroach.

Vanquished Creatures
  A hound (D:2)
  Natasha (twice) (D:3)
  An iguana (D:3)
  3 adders (D:3)
  2 worms (D:3)
  A dart slug (D:3)
  A leopard gecko (D:2)
  3 orcs (D:3)
  2 giant cockroaches
  4 hobgoblins
  5 kobolds
  A quokka (D:2)
  3 ball pythons
  10 bats
  2 frilled lizards (D:1)
  5 goblins
  5 rats
51 creatures vanquished.

Notes
Turn   | Place    | Note
-------+----------+-------------------------------------------
     0 | D:1      | Kohma the Gargoyle Fighter began the quest for the Orb.
     0 | D:1      | Reached XP level 1. HP: 14/14 MP: 1/1
   149 | D:1      | Reached XP level 2. HP: 19/19 MP: 2/2
   670 | D:2      | Reached XP level 3. HP: 23/23 MP: 3/3
   907 | D:2      | Reached XP level 4. HP: 28/28 MP: 4/4
  1784 | D:3      | Reached XP level 5. HP: 32/33 MP: 5/5
  1784 | D:3      | Noticed Natasha
  1790 | D:3      | Killed Natasha
  1790 | D:3      | Reached skill level 1 in Stealth
  1885 | D:3      | Noticed Natasha
  1891 | D:3      | Killed Natasha
  2121 | D:3      | Noticed a hippogriff
  2136 | D:3      | Slain by a hippogriff

Skill      XL: |  1  2  3  4  5 |
---------------+----------------+-----
Maces & Flails | 3 4 |  4.1
Shields        | 4 |  4.6
Stealth        | 1 |  1.0
Fighting       | |  3.8
Armour         | |  3.2
Dodging        | |  0.7

Action                   |  1- 3 |  4- 6 || total
-------------------------+-------+-------++-------
Melee: Flail             |    55 |       ||    55
       Whip              |    34 |   131 ||   165
  Use: Potion            |       |     1 ||     1
  Eat: Chunk             |       |     4 ||     4
Armor: Scale mail        |    75 |    72 ||   147
Dodge: Dodged            |    24 |    44 ||    68
Block: Shield            |    52 |    72 ||   124
